 Dungeon Crawl Stone Soup version 0.30.1-4-g462c640d31 (webtiles) character file.

Game seed: 5728262909504672029

6849 growler the Zephyrmancer (level 11, -2/64 HPs)
             Began as a Tengu Air Elementalist on Sept 12, 2023.
             Was a Believer of Hepliaklqana.
             Killed from afar by an electric eel (9 damage)
             ... with a bolt of electricity
             ... on level 10 of the Dungeon.
             The game lasted 00:24:02 (10892 turns).

growler the Zephyrmancer (Tengu Air Elementalist)  Turns: 10892, Time: 00:24:03

Health: -2/64      AC:  7    Str:  8    XL:     11   Next: 6%
Magic:  30/30      EV: 14    Int: 20    God:    Hepliaklqana [**....]
Gold:   450        SH:  0    Dex: 15    Spells: 12/22 levels left

rFire   . . .        (no weapon)
rCold   . . .        (no shield)
rNeg    . . .        a - +0 robe
rPois   .            (helmet restricted)
rElec   .            D - +0 cloak
rCorr   .            (no gloves)
SInv    .            (boots unavailable)
Will    .....        (no amulet)
Stlth   ++           e - +4 ring of protection
HPRegen 0.30/turn    F - ring of magical power
MPRegen 0.22/turn

%: no passive effects
@: flying quickly and evasively, quick
A: reduced essence, beak, talons 3, nimble flight
a: Renounce Religion, Recall Ancestor, Ancestor Identity


You were on level 10 of the Dungeon.
You worshipped Hepliaklqana.
Hepliaklqana was pleased with you.
You visited 1 branch of the dungeon, and saw 10 of its levels.

You collected 450 gold pieces.

Inventory:

Missiles
 A - 2 throwing nets
Armour
 a - a +0 robe (worn)
 D - a +0 cloak (worn)
Jewellery
 e - a +4 ring of protection (left hand)
 F - a ring of magical power (right hand)
Wands
 g - a wand of digging (1)
 o - a wand of flame (49)
 w - a wand of roots (19)
 y - a wand of mindburst (16)
 H - a wand of charming (7)
Scrolls
 f - 2 scrolls of enchant weapon
 h - a scroll of enchant armour {unknown}
 l - a scroll of poison {unknown}
 m - a scroll of magic mapping
 s - a scroll of amnesia
 t - 4 scrolls of vulnerability
 v - a scroll of silence {unknown}
 x - 2 scrolls of summoning {unknown}
 z - 4 scrolls of teleportation
 B - a scroll of blinking {unknown}
 C - a scroll of acquirement {unknown}
 E - a scroll of immolation
 G - a scroll of identify
Potions
 b - 3 potions of magic
 c - 11 potions of curing {unknown}
 d - 5 potions of heal wounds {unknown}
 i - 2 potions of might
 j - a potion of brilliance
 k - a potion of ambrosia
 n - 2 potions of mutation {unknown}
 p - a potion of cancellation {unknown}
 q - a potion of attraction
 r - a potion of invisibility
 u - a potion of lignification


   Skills:
 + Level 9.8 Fighting
 - Level 2.1 Dodging
 - Level 2.0 Stealth
 - Level 6.0 Spellcasting
 - Level 6.0 Conjurations
 + Level 14.6 Air Magic


You had 12 spell levels left.
You knew the following spells:

 Your Spells              Type           Power      Damage    Failure   Level
a - Shock                 Conj/Air       100%       1d9       1%          1
b - Static Discharge      Conj/Air       94%        2-6/arc   1%          2
c - Swiftness             Air            59%        N/A       1%          3
d - Airstrike             Air            29%        2d(5-21)  1%          4

Your spell library contained the following spells:

 Spells                   Type           Power      Damage    Failure   Level


Dungeon Overview and Level Annotations

Branches:
Dungeon (10/15)            Temple (0/1) D:6            Lair (0/5) D:8
    Orc: D:9-12

Altars:
Ashenzari
Dithmenos
Fedhas
Gozag
Hepliaklqana
Nemelex Xobeh
Sif Muna
Uskayaw
Vehumet
Wu Jian
Yredelemnul
Zin
The Shining One

Shops:
D:1 (   D:6 (


Innate Abilities, Weirdness & Mutations

Your life essence is reduced to manifest your ancestor. (-10% HP)
You have a beak for a mouth.
You have claws for feet.
Your magical nature lets you fly swiftly and evasively.


Message History

The wight hits you but does no damage.
Reggie B. closely misses the wight.
Reggie B. misses the wight.
The wight closely misses you.
Reggie B. hits the wight but does no damage.
Reggie B. points at the wight and mumbles some strange words.
The wight resists with some effort.
Casting: Airstrike (safe; 1% risk of failure)
Confirm with . or Enter, or press ? or * to list all spells.
The wight is struck by an arc of lightning.
The wight is severely damaged.
Reggie B. avoids your attack. The wight closely misses you.
Reggie B. hits the wight with a +0 dagger of draining!
The wight is destroyed!
Magic restored.
Things that are here:
a +4 halberd; a +0 robe A sourceless malevolence fills the Dungeon... and a teleportation trap spontaneously manifests!
You are yanked towards some nearby monsters!
Your surroundings suddenly seem different.
A two-headed ogre and 2 electric eels come into view.
Found five items.
The two-headed ogre shouts in stereo!
An electric eel comes into view.
The electric eel shoots out a bolt of lightning at you!
The bolt of electricity hits you!
An electric eel comes into view.
Found a stone staircase leading down.
The two-headed ogre hits you with a +0 giant spiked club!
The two-headed ogre hits you with a +0 giant club!!
* * * LOW HITPOINT WARNING * * *
The electric eel shoots out a bolt of lightning at you!
The bolt of electricity misses you.
The electric eel shoots out a bolt of lightning at you!
The bolt of electricity hits you!
* * * LOW HITPOINT WARNING * * *
Found two stone staircases leading down.
An orc warrior and an orc come into view.
The electric eel shoots out a bolt of lightning at you!
The bolt of electricity hits you!
You die...

#...........~≈~≈
#...........≈≈≈≈
##....###....SS≈≈
..###....## ##...≈≈≈≈
.........# ...~≈~~
o.......O## #....[..
..........###........
.....................
o....>.∩...@........
....>.>............
...................
...................
.........###......
.......## #.....
...... ...~~ #....
...~≈


You could see a two-headed ogre and 2 electric eels.

Vanquished Creatures
  A two-headed ogre (D:8)
  A komodo dragon (D:10)
  A wyvern (D:8)
  14 yaks
  Eustachio (D:5)
  A basilisk (D:8)
  4 water moccasins
  4 orc warriors
  A sky beast (D:7)
  2 ogres
  4 centaurs
  3 phantoms
  3 kobold brigands
  A bullfrog (D:8)
  A scorpion (D:5)
  4 wights
  3 howler monkeys
  A jelly (D:5)
  2 gnoll boudas
  5 orc priests
  3 sleepcaps
  Crazy Yiuf (D:5)
  3 hounds
  3 iguanas
  3 orc wizards
  A statue (D:8)
  19 gnolls
  5 adders
  A shadow imp (D:5)
  A white imp (D:4)
  An ufetubus (D:4)
  A worm (D:2)
  2 dart slugs (D:1)
  18 orcs
  5 bats
  7 endoplasms
  9 goblins
  5 hobgoblins
  2 jackals (D:1)
  13 kobolds
  6 quokkas
  6 ball pythons
  3 frilled lizards
  7 rats
182 creatures vanquished.

Vanquished Creatures (collateral kills)
  2 yaks (D:9)
  A wight (D:10)
  An orc wizard (D:7)
  An iguana (D:8)
  A gnoll (D:9)
  An orc (D:9)
  A kobold (D:7)
8 creatures vanquished.

Vanquished Creatures (others)
  7 ancestors
7 creatures vanquished.

Grand Total: 197 creatures vanquished

Notes
Turn   | Place    | Note
-------+----------+-------------------------------------------
     0 | D:1      | growler the Tengu Air Elementalist began the quest for the
                  | Orb.
     0 | D:1      | Reached XP level 1. HP: 10/10 MP: 4/4
   187 | D:1      | Reached XP level 2. HP: 10/15 MP: 0/6
   190 | D:1      | Learned a level 2 spell: Static Discharge
   819 | D:1      | Reached XP level 3. HP: 19/19 MP: 5/7
   823 | D:1      | Learned a level 3 spell: Swiftness
   862 | D:1      | Found Fuicafro's Weapon Shop.
  1105 | D:2      | You fall into a shaft and drop 1 floor!
  1652 | D:2      | Reached XP level 4. HP: 22/24 MP: 3/9
  1660 | D:2      | Reached skill level 5 in Air Magic
  2637 | D:3      | Gained mutation: Your magical nature lets you fly swiftly
                  | and evasively. [Tengu growth]
  2637 | D:3      | Reached XP level 5. HP: 28/28 MP: 1/10
  2947 | D:3      | Found a shimmering blue altar of Sif Muna.
  3054 | D:3      | Found a broken altar of Ashenzari.
  3578 | D:4      | Found a sparkling altar of Nemelex Xobeh.
  3745 | D:4      | Reached skill level 6 in Air Magic
  3745 | D:4      | Reached XP level 6. HP: 32/32 MP: 4/12
  3917 | D:4      | Found a shadowy altar of Dithmenos.
  4133 | D:4      | Reached skill level 5 in Conjurations
  4298 | D:4      | Found a hide-covered altar of Uskayaw.
  4416 | D:5      | Entered Level 5 of the Dungeon
  4476 | D:5      | Learned a level 4 spell: Airstrike
  4496 | D:5      | Reached XP level 7. HP: 25/36 MP: 5/14
  4743 | D:5      | Reached skill level 7 in Air Magic
  4986 | D:5      | Noticed Eustachio
  5095 | D:5      | Killed Eustachio
  5096 | D:5      | Reached skill level 1 in Fighting
  5224 | D:5      | Found a blossoming altar of Fedhas.
  5266 | D:5      | Reached XP level 8. HP: 33/43 MP: 7/16
  5277 | D:5      | Reached skill level 5 in Spellcasting
  5356 | D:5      | Reached skill level 8 in Air Magic
  5585 | D:5      | Found a runed translucent door.
  5586 | D:5      | Noticed Crazy Yiuf
  5860 | D:5      | Killed Crazy Yiuf
  6340 | D:6      | Found a hazy altar of Hepliaklqana.
  6362 | D:6      | Found Qomiavi's Antique Weapon Shoppe.
  6371 | D:6      | Became a worshipper of Hepliaklqana the Forgotten
  6434 | D:6      | Reached skill level 9 in Air Magic
  6817 | D:6      | Found a staircase to the Ecumenical Temple.
  7152 | D:7      | Reached XP level 9. HP: 52/52 MP: 6/19
  7322 | D:7      | Reached skill level 10 in Air Magic
  7382 | D:7      | Reached * piety under Hepliaklqana
  7405 | D:7      | Reached skill level 5 in Fighting
  7724 | D:7      | Found an ornate altar of the Wu Jian Council.
  7971 | D:8      | Noticed a two-headed ogre
  8093 | D:8      | Killed a two-headed ogre
  8094 | D:8      | Reached skill level 11 in Air Magic
  8384 | D:8      | Reached skill level 12 in Air Magic
  8384 | D:8      | Reached XP level 10. HP: 42/56 MP: 11/20
  8749 | D:8      | Reached skill level 13 in Air Magic
  8821 | D:8      | Found a staircase to the Lair.
  8968 | D:8      | Found a radiant altar of Vehumet.
  9051 | D:8      | Identified the +0 helmet of Fortification {-Cast Will+
                  | rCorr}
  9652 | D:9      | Found an opulent altar of Gozag.
 10035 | D:9      | Found a glowing golden altar of the Shining One.
 10037 | D:9      | Noticed an angel
 10190 | D:9      | Reached ** piety under Hepliaklqana
 10190 | D:9      | Found a basalt altar of Yredelemnul.
 10191 | D:9      | Remembered your ancestor Reggie B. as a hexer
 10303 | D:9      | Reached skill level 14 in Air Magic
 10553 | D:9      | Found a glowing silver altar of Zin.
 10712 | D:10     | Entered Level 10 of the Dungeon
 10717 | D:10     | Reached XP level 11. HP: 63/63 MP: 16/21
 10882 | D:10     | Noticed a two-headed ogre
 10892 | D:10     | Killed from afar by an electric eel

Illustrated notes

Levels and vault maps discovered:
D:1:      erik_arrival_triangle_medium, layout_loops_ring, serial_shops, shop,
          st_stairs_14
D:2:      layout_loops_ring, chequers_serial_rivers_room_b,
          minmay_indecisive_spiral
D:3:      layout_basic, mainiacjoe_overflow_alcove_2, lemuel_tele_altar,
          nrook_uturn, st_stairs_11, kennysheep_nub
D:4:      layout_basic, nemelex_xobeh_ov_fountains_minmay, kennysheep_mini,
          nicolae_dithmenos_through_a_glass_darkly
D:5:      layout_cave_pools, fedhas_altar_decomposition, uniq_eustachio,
          uniq_crazy_yiuf_cottage
D:6:      layout_basic, mainiacjoe_overflow_chevrons,
          minmay_temple_entry_arrows, serial_shops, shop,
          minmay_misc_feat_four_crosses
D:7:      layout_rooms, pdpol_wu_jian_five_deadly_venoms
D:8:      layout_rooms, vehumet_statue, minmay_lair_entry_grove
D:9:      layout_irregular_city, grunt_temple_overflow_holy_war,
          pdpol_temple_overflow_zin_treasury_gozag_greed
D:10:     layout_big_octagon, abandoned_shop

Skill      XL: |  1  2  3  4  5  6  7  8  9 10 |
---------------+-------------------------------+-----
Conjurations   | 2 3 4 5 6 |  6.0
Air Magic      | 5 6 7 9 12 14 | 14.6
Spellcasting   | 3 4 6 |  6.0
Fighting       | 1 4 7 9 |  9.8
Dodging        | |  2.1
Stealth        | |  2.0

Action                     |  1- 3 |  4- 6 |  7- 9 | 10-12 || total
---------------------------+-------+-------+-------+-------++-------
  Melee: Unarmed           |     9 |     3 |     9 |       ||    21
         Kick              |     5 |     1 |     4 |       ||    10
         Peck              |     2 |       |       |       ||     2
   Cast: Shock             |    66 |   123 |   155 |    15 ||   359
         Static Discharge  |       |     8 |    24 |    40 ||    72
         Airstrike         |       |       |    30 |    41 ||    71
         Swiftness         |       |       |     1 |       ||     1
 Invoke: Ancestor Identity |       |       |     1 |       ||     1
         Recall Ancestor   |       |       |       |     2 ||     2
         Ancestor Life: He |       |       |       |     1 ||     1
  Evoke: Wand              |       |       |     1 |     1 ||     2
    Use: Scroll            |       |     4 |     7 |     4 ||    15
 Armour: Robe              |     1 |     5 |    21 |     7 ||    34
  Dodge: Dodged            |     9 |     8 |    51 |    20 ||    88
